 Dungeon Crawl Stone Soup version 0.28.0-45-g0d030f2227 (webtiles) character file.

Game seed: 16959851434358338859

185520 croobank the Peltast (level 17, -3/166 HPs)
             Began as a Minotaur Fighter on Apr 3, 2022.
             Was an Initiate of Gozag.
             Slain by a naga warrior
             ... wielding a +0 scimitar
              (18 damage)
             ... on level 3 of the Snake Pit on Apr 4, 2022.
             The game lasted 02:32:19 (35123 turns).

croobank the Peltast (Minotaur Fighter)            Turns: 35123, Time: 02:32:45

Health: -3/166     AC: 28    Str: 30    XL:     17   Next: 81%
Magic:  25/25      EV:  6    Int:  4    God:    Gozag
Gold:   3645       SH: 15    Dex:  4    Spells: 16/16 levels left

rFire   + + +      SeeInvis +   O - +6 morningstar (flame)
rCold   + . .      Faith    .   D - +2 kite shield
rNeg    + . .      Spirit   .   n - +6 plate armour {rF+}
rPois   +          Reflect  .   (helmet restricted)
rElec   +          Harm     .   m - +0 cloak {rCorr}
rCorr   +          Rampage  .   V - +0 pair of gloves of the Stained Butterfly {Fly rElec Will+}
Will    ++++.                   (no boots)
Stlth   ..........              Y - amulet "Hupt" {Will++ Regen+ Int+4 Dex-5 Slay+2}
HPRegen 1.17/turn               d - ring of see invisible
MPRegen 0.19/turn               W - ring of Fedhas's Regard {rPois rF+ rN+ MP+9 Int-5}

@: mighty, lethally poisoned (-3 -> -3), resistant, gold aura, flying,
constricted
A: horns 2, retaliatory headbutt
a: Renounce Religion, Potion Petition, Call Merchant, Bribe Branch


You were on level 3 of the Snake Pit.
You worshipped Gozag.
Gozag was most pleased with you.
You visited 5 branches of the dungeon, and saw 27 of its levels.
You also visited: Sewer, Ossuary and Gauntlet.

You collected 8864 gold pieces.
You spent 2103 gold pieces at shops.
You paid 3116 gold pieces to Gozag.

Inventory:

Hand Weapons
 a - a +4 broad axe
 b - a +2 glaive of flaming
 c - the +7 quarterstaff of Nassyrch {vorpal, Contam rElec Dex+5}
   (You found it on level 12 of the Dungeon)

   It inflicts extra damage upon your enemies.
   Dex:       It affects your dexterity (+5).
   rElec:     It insulates you from electricity.
   Contam:    It causes magical contamination when unequipped.
 h - a +5 great sword
 l - a +0 great mace of protection
 p - the +8 falchion "Ofriut" {vorpal, Will+ Str+6}
   (You found it on level 6 of the Lair of Beasts)

   It inflicts extra damage upon your enemies.
   Str:       It affects your strength (+6).
   Will:      It increases your willpower.
 q - the +7 dagger "Sarcophage" {drain, Str+3}
   (You took it off a minotaur in a Gauntlet)

   A truly terrible weapon, it drains the life of any living foe it strikes.
   Str:       It affects your strength (+3).
 t - the +9 rapier "Otabbang" {vorpal, Int+3 Dex+4}
   (You found it on level 6 of the Lair of Beasts)

   It inflicts extra damage upon your enemies.
   Int:       It affects your intelligence (+3).
   Dex:       It affects your dexterity (+4).
 v - the +8 rapier "Qecaats" {vorpal, rPois Int+9 Dex-4 Stlth-}
   (You found it on level 4 of the Dungeon)

   It inflicts extra damage upon your enemies.
   Int:       It affects your intelligence (+9).
   Dex:       It affects your dexterity (-4).
   rPois:     It protects you from poison.
   Stlth:     It makes you less stealthy.
 J - a +3 demon trident of flaming
 O - a +6 morningstar of flaming (weapon)
Missiles
 N - a curare-tipped dart (quivered)
 P - 4 boomerangs of dispersal
 T - 14 javelins
Armour
 m - a +0 cloak of preservation (worn)
 n - a +6 plate armour of fire resistance (worn)
 D - a +2 kite shield (worn)
 E - a +0 tower shield
 R - a +2 pair of gloves of infusion
 V - the +0 pair of gloves of the Stained Butterfly (worn) {Fly rElec Will+}
   (You found it in a Gauntlet)

   rElec:     It insulates you from electricity.
   Fly:       It grants you flight.
   Will:      It increases your willpower.
Jewellery
 d - a ring of see invisible (left hand)
 g - a ring of fire
 i - a ring of resist corrosion
 k - a ring of wizardry
 u - a +4 ring of protection
 y - a +4 ring of protection
 z - a ring of poison resistance
 C - a ring of ice
 M - a +4 ring of evasion
 W - the ring of Fedhas's Regard (right hand) {rPois rF+ rN+ MP+9 Int-5}
   (You bought it in a shop on level 1 of the Snake Pit)

   [ring of poison resistance]

   Int:       It affects your intelligence (-5).
   rF:        It protects you from fire.
   rPois:     It protects you from poison.
   rN:        It protects you from negative energy.
   MP:        It affects your magic capacity (+9).
 Y - the amulet "Hupt" (around neck) {Will++ Regen+ Int+4 Dex-5 Slay+2}
   (You found it on level 11 of the Dungeon)

   [amulet of regeneration]

   Int:       It affects your intelligence (+4).
   Dex:       It affects your dexterity (-5).
   Slay:      It affects your accuracy & damage with ranged weapons and melee
   (+2).
   Regen:     It increases your rate of health regeneration.
   Will:      It greatly increases your willpower.
Wands
 e - a wand of acid (5)
 f - a wand of mindburst (21)
 j - a wand of flame (21)
 w - a wand of charming (11)
 H - a wand of paralysis (4)
 Q - a wand of digging (16)
 U - a wand of iceblast (22)
Scrolls
 o - 3 scrolls of identify
 r - 7 scrolls of fog
 G - 3 scrolls of magic mapping
 K - 5 scrolls of teleportation
Potions
 s - a potion of brilliance
 x - 2 potions of mutation
 A - 6 potions of lignification
 B - 2 potions of invisibility
 F - 10 potions of curing
 I - 2 potions of flight
 L - 9 potions of haste
 S - a potion of berserk rage
 Z - 5 potions of might


   Skills:
 + Level 18.9 Fighting
 + Level 18.7 Axes
 + Level 18.9 Armour
 - Level 6.0 Dodging
 + Level 18.9 Shields


You had 16 spell levels left.
You didn't know any spells.
Your spell library contained the following spells:

 Spells                   Type           Power      Damage    Failure   Level
 Magic Dart               Conj           0%         1d3       98%         1
 Sting                    Tmut/Pois      0%         1d3       98%         1
 Call Imp                 Summ           0%         N/A       99%         2
 Poisonous Vapours        Pois/Air       0%         N/A       99%         2
 Sublimation of Blood     Necr           0%         N/A       99%         2
 Call Canine Familiar     Summ           0%         N/A       100%        3
 Mephitic Cloud           Conj/Pois/Air  0%         N/A       100%        3
 Portal Projectile        Hex/Tloc       0%         N/A       100%        3
 Leda's Liquefaction      Hex/Erth       0%         N/A       100%        4
 Olgreb's Toxic Radiance  Pois           0%         N/A       100%        4
 Passage of Golubria      Tloc           0%         N/A       100%        4
 Petrify                  Tmut/Erth      0%         N/A       100%        4
 Irradiate                Conj/Tmut      0%         3d13      100%        5
 Iskenderun's Battlesphe  Conj           0%         2d6       100%        5
 Lee's Rapid Deconstruct  Erth           0%         3d5*      100%        5
 Silence                  Hex/Air        0%         N/A       100%        5
 Iron Shot                Conj/Erth      0%         9d1       100%        6
 Statue Form              Tmut/Erth      0%         N/A       100%        6
 Spellforged Servitor     Conj/Summ      0%         N/A       100%        7
 Lehudib's Crystal Spear  Conj/Erth      0%         10d2      100%        8


Dungeon Overview and Level Annotations

Branches:
Dungeon (15/15)            Temple (1/1) D:7            Lair (6/6) D:10
  Swamp (0/4) Lair:3        Snake (3/4) Lair:2        Slime (0/5) Lair:5
    Orc (2/2) D:10            Elf (0/3) Orc:2        Vaults (0/5) D:13
 Depths (0/4) D:15          Sewer (visited)         Ossuary (visited)
Gauntlet (visited)

Altars:
Ashenzari
Dithmenos
Elyvilon
Fedhas
Gozag
Hepliaklqana
Kikubaaqudgha
Makhleb
Nemelex Xobeh
Okawaru
Qazlal
Trog
Uskayaw
Vehumet
Wu Jian
Xom
Yredelemnul
Zin
The Shining One
Beogh

Shops:
D:3 [   D:4 *   D:10 :   D:13 *   Orc:1 *   Orc:2 ::((*   Snake:1 !*=


Innate Abilities, Weirdness & Mutations

You have a pair of horns on your head.
You reflexively headbutt those who attack you in melee.


Message History

You barely miss the guardian serpent.
Your headbutt misses the guardian serpent.
You feel very sick.
The guardian serpent closely misses you.
You furiously retaliate!
You headbutt the guardian serpent, but do no damage.
The guardian serpent is distracted by your dazzling golden aura.
You block the naga warrior's attack. x2
You miss the guardian serpent.
The guardian serpent is no longer distracted by gold.
The guardian serpent shouts!
Your headbutt misses the guardian serpent.
You feel sick. The guardian serpent hits you!
The naga warrior hits you with a +0 scimitar!
The naga warrior grabs you. The naga warrior constricts you.
You miss the guardian serpent.
You feel sick.
You block the guardian serpent's attack.
You block the black mamba's attack.
The guardian serpent hits you but does no damage.
The black mamba completely misses you.
The naga warrior hits you but does no damage.
The naga warrior constricts you.
* * * LOW HITPOINT WARNING * * *
You feel protected.
You feel sick.
The black mamba is distracted by your dazzling golden aura.
You block the guardian serpent's attack.
The naga warrior hits you with a +0 scimitar!
* * * LOW HITPOINT WARNING * * *
The naga warrior constricts you.
The black mamba hisses angrily.
You closely miss the guardian serpent.
Your headbutt misses the guardian serpent.
You feel sick. The guardian serpent hits you!
* * * LOW HITPOINT WARNING * * *
The guardian serpent hits you!
* * * LOW HITPOINT WARNING * * *
The naga warrior hits you with a +0 scimitar!!
You die...
Your body crumbles into a pile of gold. $ .. #### ...
S..#.. ....
NS.... #....
NNNN..

##.....
####.......
##N.$.......
##.@#........
#.SS......... #
#............ #
#N...###.......
# ...###.
....... # .. #.
#...... # . ##
#..... ## #####
.#


You could see a naga warrior, a guardian serpent, a black mamba and a naga.

Vanquished Creatures
  Rupert (Lair:5)
  Frances (D:12)
  Kirke (Snake:3)
  2 nagarajas
  Aizul (Snake:1)
  Louise (D:15)
  A dire elephant (Lair:6)
  A minotaur (Gauntlet)
  Snorg (D:13)
  Fannar (D:12)
  4 vault guards (D:13)
  A boulder beetle (D:13)
  Erolcha (Orc:1)
  2 naga warriors (Snake:1)
  2 salamander tyrants (Snake:2)
  6 ogre magi
  8 hydras
  An alligator snapping turtle (Snake:1)
  3 death knights
  10 anacondas
  2 catoblepae (Lair:3)
  5 centaur warriors
  A merfolk avatar (Lair:6)
  An alligator (Snake:1)
  An orc high priest (Orc:2)
  5 death yaks
  A slime creature (D:12)
  21 two-headed ogres
  Nergalle (Lair:3)
  7 naga sharpshooters
  3 shock serpents
  Sonja (Lair:5)
  2 skeletal warriors
  3 salamander mystics
  3 goliath frogs (Snake:1)
  4 sea snakes
  3 orc knights
  2 deep elf archers (D:13)
  A naga ritualist (Snake:1)
  A wizard (D:13)
  Pikel (D:8)
  3 phantasmal warriors
  A deep elf pyromancer (D:13)
  A necromancer (D:15)
  A deep elf zephyrmancer (D:15)
  4 salamanders
  4 mana vipers (Snake:1)
  3 orc sorcerers
  14 ugly things
  7 cyclopes
  6 manticores
  23 black mambas
  An eye of devastation (Lair:5)
  3 guardian serpents (Snake:1)
  8 naga magi
  Maurice (D:8)
  11 elephants
  A torpor snail (Lair:2)
  2 gargoyles
  13 cane toads
  An unseen horror (shapeshifter) (D:15)
  2 kobold demonologists (D:11)
  2 yaktaurs
  2 efreet
  3 tengu conjurers
  14 komodo dragons
  2 freezing wraiths
  A queen bee (shapeshifter) (D:8)
  A tyrant leech (Gauntlet)
  3 trolls
  A polar bear (Lair:6)
  3 wind drakes (Lair:6)
  5 hornets
  31 blink frogs
  2 meliai zombies
  2 snapping turtles
  11 dream sheep
  A water elemental (D:14)
  14 flying skulls (Gauntlet)
  A centaur simulacrum (D:15)
  52 yaks
  10 wyverns
  2 vampires
  5 wraiths
  A steam dragon (D:7)
  3 hogs (Snake:3)
  3 basilisks
  5 vampire mosquitoes
  A redback simulacrum (D:15)
  4 acid dragons
  6 swamp worms
  Duvessa (D:6)
  A floating eye (Lair:5)
  25 nagas
  14 water moccasins
  A hornet zombie (D:5)
  13 orc warriors
  2 sky beasts (D:8)
  2 black bears
  21 ogres
  12 wolves
  3 phantoms
  2 lemures (D:8)
  5 centaurs
  3 kobold brigands
  8 bullfrogs
  A gnoll sergeant (D:8)
  A water moccasin zombie (D:5)
  2 scorpions
  A wyvern skeleton (D:3)
  A hornet simulacrum (D:15)
  Dowan (D:6)
  5 killer bees (D:8)
  24 wights
  4 howler monkeys (D:10)
  An electric eel (Snake:1)
  6 centaur zombies
  A crimson imp (D:5)
  3 hounds
  4 jellies
  8 orc priests
  2 centaur skeletons
  5 iguanas
  10 orc wizards
  A killer bee zombie (D:8)
  A hound zombie (D:5)
  A hound skeleton (D:5)
  A howler monkey zombie (D:9)
  5 gnolls (D:8)
  9 adders
  A river rat (D:4)
  2 white imps
  An adder skeleton (D:3)
  An adder zombie (D:5)
  3 worms
  A dart slug (D:3)
  56 orcs
  6 bats
  A bat zombie (D:3)
  16 endoplasms
  13 giant cockroaches
  12 goblins
  4 hobgoblins
  3 jackals (D:1)
  4 quokkas
  15 ball pythons
  A ball python skeleton (Ossuary)
  7 frilled lizards
  A hobgoblin zombie (Ossuary)
  24 kobolds
  3 orc skeletons (Ossuary)
  4 orc zombies (Ossuary)
  11 rats
  3 rat zombies (D:3)
823 creatures vanquished.

Vanquished Creatures (collateral kills)
  A hydra (Lair:3)
  A water moccasin (Lair:3)
2 creatures vanquished.

Vanquished Creatures (others)
  An orc knight (Orc:2)
  4 humans (Snake:3)
  4 orc warriors (Orc:2)
  An ogre (Orc:2)
  An orc wizard (Orc:2)
  2 orcs (Orc:2)
  29 fungi
  68 plants
110 creatures vanquished.

Grand Total: 935 creatures vanquished

Notes
Turn   | Place    | Note
-------+----------+-------------------------------------------
     0 | D:1      | croobank the Minotaur Fighter began the quest for the Orb.
     0 | D:1      | Reached XP level 1. HP: 19/19 MP: 0/0
   147 | D:1      | Reached XP level 2. HP: 23/27 MP: 1/1
   488 | D:1      | Reached XP level 3. HP: 33/33 MP: 2/2
  1208 | D:2      | Found an ornate altar of the Wu Jian Council.
  1316 | D:2      | Found a faded altar of an unknown god.
  1447 | D:2      | Noticed a scorpion
  1459 | D:2      | Killed a scorpion
  1460 | D:2      | Reached XP level 4. HP: 41/41 MP: 3/3
  2078 | D:3      | Reached XP level 5. HP: 23/47 MP: 4/4
  2386 | D:3      | Found Affopt's Antique Armour Shoppe.
  2609 | D:3      | Found an ancient bone altar of Kikubaaqudgha.
  2695 | D:3      | Found an ornate altar of the Wu Jian Council.
  2894 | D:3      | Reached skill level 5 in Fighting
  2894 | D:3      | Reached skill level 5 in Armour
  2894 | D:3      | Reached skill level 5 in Shields
  3081 | D:3      | Reached XP level 6. HP: 41/56 MP: 5/5
  3953 | D:4      | Reached XP level 7. HP: 40/61 MP: 6/6
  4117 | D:4      | Reached skill level 5 in Axes
  4123 | D:4      | Found a glowing drain.
  4127 | Sewer    | Entered a sewer
  4713 | D:4      | Found a basalt altar of Yredelemnul.
  4745 | D:4      | Identified the +8 rapier "Qecaats" {vorpal, rPois Int+9
                  | Dex-4 Stlth-}
  4873 | D:4      | Found Keucles's General Store.
  4888 | D:4      | Bought a scroll of summoning for 114 gold pieces
  4888 | D:4      | Bought a scroll of identify for 24 gold pieces
  4940 | D:4      | Found an iron altar of Okawaru.
  4976 | D:4      | Bought a scroll of enchant armour for 90 gold pieces
  5333 | D:5      | Entered Level 5 of the Dungeon
  5343 | D:5      | Found a radiant altar of Vehumet.
  5843 | D:5      | Reached XP level 8. HP: 71/71 MP: 7/7
  6242 | D:5      | Found a burning altar of Makhleb.
  6337 | D:6      | Found a white marble altar of Elyvilon.
  6410 | D:6      | Found a glowing silver altar of Zin.
  6739 | D:6      | Found a shadowy altar of Dithmenos.
  6964 | D:6      | Noticed Duvessa
  6965 | D:6      | Noticed Dowan
  6973 | D:6      | Killed Duvessa
  6977 | D:6      | Killed Dowan
  7012 | D:6      | Reached XP level 9. HP: 62/81 MP: 8/8
  7247 | D:7      | Found a sand-covered staircase.
  7309 | Ossuary  | Entered an ossuary
  7708 | D:7      | Found a staircase to the Ecumenical Temple.
  7717 | Temple   | Entered the Ecumenical Temple
  7842 | Temple   | Became a worshipper of Gozag Ym Sagoz the Greedy
  8178 | D:7      | Found a shimmering altar of Xom.
  8363 | D:8      | Found a stormy altar of Qazlal.
  8724 | D:8      | Reached XP level 10. HP: 91/91 MP: 9/9
  8852 | D:8      | Noticed Pikel
  8865 | D:8      | Paralysed by Pikel for 5 turns
  8872 | D:8      | Killed Pikel
  9055 | D:8      | Noticed Maurice
  9065 | D:8      | Killed Maurice
  9066 | D:8      | Reached skill level 10 in Fighting
  9066 | D:8      | Reached skill level 10 in Armour
  9263 | D:8      | Reached skill level 10 in Shields
  9462 | D:9      | Noticed a cyclops
  9504 | D:9      | Killed a cyclops
  9535 | D:9      | Noticed a two-headed ogre
  9966 | D:9      | Reached skill level 10 in Axes
 10232 | D:9      | Paralysed by a hornet for 2 turns
 10495 | D:10     | Entered Level 10 of the Dungeon
 10576 | D:10     | Found Ruasog's Book Emporium.
 10587 | D:10     | Reached XP level 11. HP: 101/101 MP: 10/10
 10762 | D:10     | Noticed an orc knight
 10947 | D:3      | Bought a glowing plate armour for 754 gold pieces
 11616 | D:10     | Killed an orc knight
 11647 | D:10     | Found a staircase to the Lair.
 11656 | Lair:1   | Entered Level 1 of the Lair of Beasts
 11666 | Lair:1   | You fall into a shaft and drop 1 floor!
 11678 | Lair:2   | Found a staircase to the Snake Pit.
 11951 | Lair:2   | Noticed a six-headed hydra
 11966 | Lair:2   | Killed a six-headed hydra
 13924 | Lair:3   | Noticed a catoblepas
 13943 | Lair:3   | Killed a catoblepas
 13964 | Lair:2   | Reached XP level 12. HP: 53/113 MP: 11/11
 14366 | Lair:3   | Noticed a four-headed hydra
 14368 | Lair:3   | Noticed a six-headed hydra
 14383 | Lair:3   | Killed a four-headed hydra
 14687 | Lair:3   | Killed a six-headed hydra
 14745 | Lair:3   | Noticed a catoblepas
 14766 | Lair:3   | Killed a catoblepas
 15186 | Lair:3   | Noticed Nergalle
 15203 | Lair:3   | Killed Nergalle
 15539 | Lair:3   | Found a staircase to the Swamp.
 15925 | Lair:3   | Noticed a death yak
 15926 | Lair:3   | Noticed a death yak
 15944 | Lair:3   | Noticed a death yak
 15945 | Lair:3   | Noticed a death yak
 15948 | Lair:3   | Noticed a death yak
 15976 | Lair:2   | Killed a death yak
 16239 | Lair:3   | Killed a death yak
 16300 | Lair:2   | Killed a death yak
 16317 | Lair:2   | Killed a death yak
 16371 | Lair:3   | Killed a death yak
 17062 | Lair:4   | Noticed a five-headed hydra
 17067 | Lair:4   | Reached XP level 13. HP: 92/123 MP: 12/12
 18364 | Lair:5   | Paralysed by a floating eye for 2 turns
 18405 | Lair:5   | Found a staircase to the Slime Pits.
 18422 | Lair:5   | Noticed Rupert
 18424 | Lair:5   | Paralysed by Rupert for 7 turns
 18447 | Lair:5   | Killed Rupert
 18828 | Lair:5   | Noticed Sonja
 18836 | Lair:5   | Killed Sonja
 19728 | Lair:6   | Entered Level 6 of the Lair of Beasts
 20001 | Lair:6   | Noticed a dire elephant
 20034 | Lair:6   | Killed a dire elephant
 20707 | Lair:6   | Reached skill level 15 in Fighting
 20715 | Lair:6   | Reached skill level 15 in Armour
 20724 | Lair:6   | Reached skill level 15 in Shields
 20788 | Lair:6   | Reached XP level 14. HP: 77/135 MP: 13/13
 21538 | Lair:6   | HP: 3/135 [drowned by a drowned soul[a merfolk avatar]
                  | (11)]
 21539 | Lair:6   | Reached skill level 15 in Axes
 21544 | Lair:6   | Identified the +8 falchion "Ofriut" {vorpal, Will+ Str+6}
 21567 | Lair:6   | Identified the +9 rapier "Otabbang" {vorpal, Int+3 Dex+4}
 22524 | D:10     | Found a staircase to the Orcish Mines.
 22649 | D:10     | Found a hazy altar of Hepliaklqana.
 23852 | Orc:1    | Entered Level 1 of the Orcish Mines
 23855 | Orc:1    | Noticed Erolcha
 23863 | Orc:1    | Killed Erolcha
 24058 | Orc:1    | Found Biyschirch's CLEARANCE SALE!.
 24065 | Orc:1    | Bought a scroll of identify for 12 gold pieces
 24284 | Orc:2    | Entered Level 2 of the Orcish Mines
 24381 | Orc:2    | Found a staircase to the Elven Halls.
 24439 | Orc:2    | Found Kien's Self-Improvement Boutique.
 24600 | Orc:2    | Paralysed by an ogre mage for 5 turns
 24782 | Orc:2    | Found Laogaivi's Assorted Antiques.
 24782 | Orc:2    | Found Ytuikipn's Weapon Shoppe.
 24782 | Orc:2    | Found Qotwew's Antique Weapon Shoppe.
 24782 | Orc:2    | Found Murgh's Book Shop.
 25493 | Orc:2    | Bought a scroll of enchant armour for 187 gold pieces
 25493 | Orc:2    | Bought a pair of glowing gloves for 187 gold pieces
 25943 | Orc:2    | Reached XP level 15. HP: 139/145 MP: 6/14
 26572 | D:11     | Identified the amulet "Hupt" {Will++ Regen+ Int+4 Dex-5
                  | Slay+2}
 26898 | D:12     | Noticed Frances
 26909 | D:12     | Killed Frances
 27428 | D:12     | Noticed Fannar
 27436 | D:12     | Killed Fannar
 27500 | D:12     | Reached XP level 16. HP: 154/154 MP: 15/15
 27647 | D:12     | Found a broken altar of Ashenzari.
 27978 | D:12     | Identified the +7 quarterstaff of Nassyrch {vorpal, Contam
                  | rElec Dex+5}
 28002 | D:13     | Noticed Snorg
 28020 | D:13     | Killed Snorg
 28620 | D:13     | Found Ycsut's Blood Bar.
 28940 | D:13     | Found a gate to the Vaults.
 29351 | D:14     | Found a stormy altar of Qazlal.
 30074 | D:15     | Entered Level 15 of the Dungeon
 30289 | D:15     | Found an iron altar of Okawaru.
 30487 | D:15     | Found a gate leading to a gauntlet.
 30499 | Gauntlet | Entered a Gauntlet
 30499 | Gauntlet | Found a transporter.
 30503 | Gauntlet | Found a transporter.
 30504 | Gauntlet | Found a transporter.
 30532 | Gauntlet | Identified the -4 pair of gloves of the Devil's Team
                  | {Str+4}
 30554 | Gauntlet | Found a transporter.
 30661 | Gauntlet | Identified the +7 dagger "Sarcophage" {drain, Str+3}
 30732 | Gauntlet | Identified the +0 pair of gloves of the Stained Butterfly
                  | {Fly rElec Will+}
 31120 | D:15     | Noticed Louise
 31133 | D:15     | Killed Louise
 31286 | D:15     | Found a broken altar of Ashenzari.
 31366 | D:15     | Reached XP level 17. HP: 149/163 MP: 16/16
 31412 | D:15     | Found a staircase to the Depths.
 31716 | Snake:1  | Entered Level 1 of the Snake Pit
 31791 | Snake:1  | Noticed Aizul
 31814 | Snake:1  | Killed Aizul
 32475 | Snake:1  | Found Detsuk's Jewellery Boutique.
 32501 | Snake:1  | Found Niomuc's Assorted Antiques.
 32503 | Snake:1  | Found Daw Goez's Distillery.
 32528 | Snake:1  | Bought a scroll of identify for 72 gold pieces
 32531 | Snake:1  | Bought 2 potions of might for 104 gold pieces
 33694 | Snake:1  | Bought the ring of Fedhas's Regard {rPois rF+ rN+ MP+9
                  | Int-5} for 559 gold pieces
 35038 | Snake:3  | Noticed Kirke
 35057 | Snake:3  | Killed Kirke
 35123 | Snake:3  | Slain by a naga warrior

Illustrated notes

Levels and vault maps discovered:
D:1:      noname_arrival_rooms_in_the_neighbourhood, layout_loops_corners,
          hangedman_decor_slide_cut, minmay_distorted
D:2:      layout_basic, basic_altar, chequers_ecumenical_altar_simple
D:3:      layout_loops_corners, mainiacjoe_overflow_boulevard,
          lemuel_zombie_altar_kikubaaqudgha, serial_shops, nicolae_shop_trees,
          kennysheep_generic_room_15
D:4:      layout_basic, kennysheep_okawaru_gauntlet, tgw_sif,
          amcnicky_altar_gilded, gup_sewer_entry_bowl, serial_shops,
          nicolae_shop_stone
D:5:      layout_gridville, makhleb_grotto_becter, vehumet_crystals,
          hangedman_glass_teeth
D:6:      layout_gridville, mainiacjoe_overflow_catwalk,
          grunt_dithmenos_shadows, zin_academy, minmay_misc_feat_four_crosses,
          chequers_serial_rivers_large_a, small_statue_intersection,
          uniq_duvessa
D:7:      layout_loops_ring, lemuel_coloured_pillars_altar,
          minmay_temple_entry_purple_smoke,
          nicolae_ossuary_entry_false_entrances, corexii_hall_statues_i
D:8:      minmay_razor_zed, layout_basic, mainiacjoe_overflow_tiny_flanked,
          minivault_23, amethyst_killhole, uniq_pikel, uniq_maurice
D:9:      layout_roguey, nicolae_underground_beach
D:10:     minmay_angry_zag, layout_cross, nicolae_hepliaklqana_hazy_memory,
          lair_entry_dummy, david_orc_5, serial_shops, nicolae_shop_stone
D:11:     layout_roguey
D:12:     layout_loops_ring, ashenzari_altar_1, uniq_fannar, uniq_frances
D:13:     layout_small_grid, grunt_vaults_entry_fortified, guppyfry_shop_blood,
          uniq_snorg
D:14:     layout_rooms, grunt_qazlal_clouds, minivault_4
D:15:     grunt_enter_depths_magical_seal, layout_loops_corners, eino_curves_01,
          gauntlet_entry_generic, hangedman_feature_mirror, uniq_louise
Temple:   dpeg_three_leaves_temple
Lair:1:   layout_roguey, fungi_pond_lemuel
Lair:2:   layout_roguey, minmay_snake_entry_six_corridors
Lair:3:   layout_cellular_growth, palyth_hydra_swamp_entry,
          kennysheep_catoblepas_arena, uniq_nergalle
Lair:4:   layout_misc_corridors, lemuel_fruit_tree
Lair:5:   layout_layer_cave, minmay_slime_entry_eyes, grunt_megastairs_4,
          uniq_rupert, uniq_sonja
Lair:6:   gammafunk_lair_ancient_temple, layout_gridlike, minivault_25,
          serial_bayou_pond_a, serial_bayou_shore_b
Snake:1:  layout_honeycomb, nicolae_snake_herptile_family_reunion,
          grunt_megastairs_2, minmay_shop_star, uniq_aizul
Snake:2:  layout_layer_cave
Snake:3:  layout_cave_pods, uniq_kirke
Orc:1:    layout_diamond_mine, nicolae_shop_clearance, uniq_erolcha
Orc:2:    st_orc_ogre_mass, layout_caves, nicolae_shop_self_help

Skill      XL: |  1  2  3  4  5  6  7  8  9 10 11 12 13 14 15 16 17 |
---------------+----------------------------------------------------+-----
Armour         | 4 5 6 8 9 10 12 13 15 16 17 18 | 18.9
Fighting       | 4 5 6 8 9 10 12 13 15 16 17 18 | 18.9
Shields        | 4 5 6 7 9 10 12 13 15 16 17 18 | 18.9
Axes           | 3 4 5 7 8 10 12 13 14 16 17 18 | 18.7
Dodging        | 6 |  6.0

Action                   |  1- 3 |  4- 6 |  7- 9 | 10-12 | 13-15 | 16-18 || total
-------------------------+-------+-------+-------+-------+-------+-------++-------
Melee: War axe           |    87 |    95 |   308 |   455 |   769 |    67 ||  1781
       Headbutt          |    15 |    16 |    49 |   105 |   216 |   192 ||   593
       Rapier            |       |       |       |    43 |    48 |       ||    91
       Falchion          |       |       |       |       |    26 |    22 ||    48
       Broad axe         |       |       |       |       |       |   380 ||   380
       Morningstar       |       |       |       |       |       |   369 ||   369
       Demon trident     |       |       |       |       |       |    17 ||    17
 Fire: Hunting sling     |       |     3 |       |       |       |       ||     3
Throw: Stone             |     4 |     1 |     1 |     2 |     5 |       ||    13
       Dart              |       |       |       |     9 |    18 |     4 ||    31
       Javelin           |       |       |       |     2 |       |       ||     2
       Boomerang         |       |       |       |     4 |       |       ||     4
       Throwing net      |       |       |       |     1 |       |       ||     1
Invok: Bribe Branch      |       |       |       |       |     1 |       ||     1
Evoke: Wand              |       |       |     2 |    12 |    15 |       ||    29
  Use: Scroll            |     3 |     4 |     2 |    15 |    15 |     6 ||    45
       Potion            |     1 |     2 |       |     2 |     9 |     5 ||    19
 Stab: Distracted        |       |       |     1 |     3 |     2 |     2 ||     8
       Paralysed         |       |       |       |       |     3 |       ||     3
Armor: Scale mail        |    37 |    25 |   150 |    65 |       |       ||   277
       Skin              |       |     2 |       |       |       |       ||     2
       Chain mail        |       |    11 |       |       |       |       ||    11
       Plate armour      |       |       |       |   223 |   435 |   480 ||  1138
Dodge: Dodged            |    55 |    30 |   127 |   160 |   266 |   240 ||   878
Block: Buckler           |    17 |    11 |    93 |   163 |   253 |       ||   537
       Kite shield       |       |       |       |       |       |   576 ||   576
